 Dungeon Crawl Stone Soup version 0.29-a0-495-g17b79114eb (webtiles) character file.

Game seed: 2024325801246774586

259 pokeman the Magician (level 5, 0/29 HPs)
             Began as a Deep Elf Hedge Wizard on May 27, 2022.
             Slain by a hobgoblin (6 damage)
             ... led by Robin
             ... on level 4 of the Dungeon.
             The game lasted 00:05:13 (2970 turns).

pokeman the Magician (Deep Elf Hedge Wizard)        Turns: 2970, Time: 00:05:14

Health: 0/29       AC:  4    Str:  7    XL:     5   Next: 94%
Magic:  14/16      EV: 12    Int: 21    God:
Gold:   180        SH:  0    Dex: 14    Spells: 6/17 levels left

rFire   . . .      SeeInvis .   e - +1 hand axe (vorpal)
rCold   . . .      Faith    .   (no shield)
rNeg    . . .      Spirit   .   g - +0 leather armour
rPois   .          Reflect  .   i - +0 helmet
rElec   .          Harm     .   (no cloak)
rCorr   .          Rampage  .   (no gloves)
Will    .....                   (no boots)
Stlth   ++........              (no amulet)
HPRegen 0.09/turn               (no ring)
MPRegen 0.15/turn               (no ring)

@: very slightly contaminated
A: no striking features
a: no special abilities


You were on level 4 of the Dungeon.
You visited 1 branch of the dungeon, and saw 4 of its levels.

You collected 180 gold pieces.

Inventory:

Hand Weapons
 e - a +1 vorpal hand axe (weapon)
Armour
 g - a +0 leather armour (worn)
 i - a +0 helmet (worn)
Magical Staves
 h - a staff of fire
Jewellery
 c - an amulet of faith
Scrolls
 a - 2 scrolls of identify {unknown}
 b - 2 scrolls of teleportation {unknown}
 f - 2 scrolls of immolation {unknown}
 j - a scroll of blinking {unknown}
 l - a scroll of noise {unknown}
Potions
 d - a potion of magic
 k - 2 potions of berserk rage {unknown}
 m - a potion of degeneration {unknown}
 n - a potion of haste {unknown}


   Skills:
 - Level 1.0 Fighting
 - Level 1.3 Armour
 - Level 3.0 Dodging
 - Level 3.1 Stealth
 * Level 6.6 Spellcasting
 + Level 3.0 Conjurations
 - Level 1.1 Summonings
 - Level 1.1 Translocations
 - Level 1.4 Fire Magic
 + Level 0.0 Air Magic
 + Level 0.0 Evocations


You had 6 spell levels left.
You knew the following spells:

 Your Spells              Type           Power      Damage    Failure   Level
a - Magic Dart            Conj           76%        1d6       3%          1
b - Mephitic Cloud        Conj/Pois/Air  11%        N/A       26%         3
c - Call Imp              Summ           11%        N/A       13%         2
d - Blink                 Tloc           22%        N/A       13%         2
e - Conjure Flame         Conj/Fire      16%        6-21      16%         3

Your spell library contained the following spells:

 Spells                   Type           Power      Damage    Failure   Level
 Slow                     Hex            24%        N/A       14%         1
 Sublimation of Blood     Necr           6%         N/A       21%         2
 Wereblood                Tmut           6%         N/A       21%         2
 Summon Hydra             Summ           5%         N/A       100%        7


Dungeon Overview and Level Annotations

Branches:
Dungeon (4/15)
 Temple: D:4-7

Altars:

Annotations:
D:4 Robin


Message History

Unknown command.
Casting: Magic Dart (safe; 3% risk of failure)
Confirm with . or Enter, or press ? or * to list all spells.
You can't see any susceptible monsters within range! (Use Z to cast anyway.) Unknown command.
HP restored.
Things that are here:
a +0 dagger; a goblin corpse
Things that are here:
a +0 club; a goblin corpse
Things that are here:
a +0 dagger; a goblin corpse
Things that are here:
a +0 club; a goblin corpse
a - 2 scrolls labelled LOTOAG ZYUSK (gained 1)
You now have 180 gold pieces (gained 11).
Things that are here:
a +0 short sword; 27 stones; an orc corpse Done exploring.
There is a stone staircase leading down, spattered with blood here.
You climb downwards.
Level annotation: Robin Robin roars a battlecry!
The goblins go into a battle-frenzy!
The goblin hits you with a +2 dagger of holy wrath.
The goblin misses you. The hobgoblin closely misses you.
The goblin hits you with a +2 dagger of holy wrath.
The goblin hits you with a +0 club. The hobgoblin hits you.
* * * LOW HITPOINT WARNING * * *
There is a stone staircase leading up, spattered with blood here.
Unknown command.
Casting: Magic Dart (safe; 3% risk of failure)
Confirm with . or Enter, or press ? or * to list all spells.
You miscast Blink.
You are very lightly contaminated with residual magic.
Nothing appears to happen.
The goblin closely misses you. The goblin hits you with a +0 club.
* * * LOW HITPOINT WARNING * * *
The goblin barely misses you. The hobgoblin hits you.
You die...

######
##.....##
#.......##
......g..#
......g@.#
......ggg#
......g..#
.........#
#.......##
.........
.........
.........


You could see Robin, a hobgoblin (strong) and 4 goblins.

Vanquished Creatures
  An ogre (D:4)
  A scorpion (D:3)
  An orc priest (D:3)
  2 adders (D:2)
  4 dart slugs
  3 orcs (D:3)
  4 bats
  3 endoplasms
  5 giant cockroaches
  7 goblins
  4 hobgoblins
  A quokka (D:3)
  4 ball pythons
  5 frilled lizards
  2 kobolds (D:1)
  7 rats
54 creatures vanquished.

Notes
Turn   | Place    | Note
-------+----------+-------------------------------------------
     0 | D:1      | pokeman the Deep Elf Hedge Wizard began the quest for the
                  | Orb.
     0 | D:1      | Reached XP level 1. HP: 10/10 MP: 7/7
   145 | D:1      | Reached XP level 2. HP: 16/16 MP: 6/9
   775 | D:1      | Found a faded altar of an unknown god.
   806 | D:2      | Reached skill level 5 in Spellcasting
   901 | D:2      | Reached XP level 3. HP: 12/20 MP: 6/11
   905 | D:2      | Learned a level 3 spell: Mephitic Cloud
   908 | D:2      | Learned a level 2 spell: Call Imp
   911 | D:2      | Learned a level 2 spell: Blink
   915 | D:2      | Learned a level 3 spell: Conjure Flame
  1269 | D:2      | Reached skill level 1 in Fighting
  1702 | D:3      | Noticed a scorpion
  1709 | D:3      | Killed a scorpion
  1710 | D:3      | Reached skill level 1 in Armour
  1710 | D:3      | Reached XP level 4. HP: 25/25 MP: 2/13
  1941 | D:3      | Reached skill level 6 in Spellcasting
  1941 | D:3      | Reached XP level 5. HP: 29/29 MP: 6/15
  2660 | D:4      | Noticed an ogre
  2669 | D:4      | Killed an ogre
  2670 | D:4      | Reached skill level 1 in Fire Magic
  2783 | D:4      | Noticed Robin
  2970 | D:4      | Slain by a hobgoblin

Illustrated notes

Levels and vault maps discovered:
D:1:      nicolae_arrival_memento_mori, layout_rooms,
          shapermc_ecumenical_altar_hornbeckon, st_stairs_2
D:2:      layout_basic
D:3:      layout_rooms
D:4:      layout_rooms, mainiacjoe_overflow_surrounded_room, uniq_robin

Skill      XL: |  1  2  3  4  5 |
---------------+----------------+-----
Spellcasting   | 5 6 |  6.6
Fighting       | 1 |  1.0
Armour         | 1 |  1.3
Conjurations   | 2 3 |  3.0
Dodging        | 3 |  3.0
Stealth        | 3 |  3.1
Fire Magic     | 1 |  1.4
Summonings     | |  1.1
Translocations | |  1.1

Action                   |  1- 3 |  4- 6 || total
-------------------------+-------+-------++-------
Melee: Hand axe          |     6 |     4 ||    10
       Dagger            |     1 |       ||     1
 Cast: Magic Dart        |    69 |    54 ||   123
       Mephitic Cloud    |     1 |     3 ||     4
       Conjure Flame     |     1 |     1 ||     2
 Stab: Sleeping          |     3 |       ||     3
Armor: Leather armour    |     4 |     5 ||     9
Dodge: Dodged            |     6 |    22 ||    28

Table legend: (Time is in decaauts)
 A = Elapsed time spent in this place.
 B = Non-inter-level travel time spent in this place.
 C = Inter-level travel time spent in this place.
 D = Time resting spent in this place.
 E = Time spent auto-exploring this place.
 F = Levels seen in this place.
 G = Mean time per level.
                   A        B        C        D        E       F      G
               +--------+--------+--------+--------+--------+-----+--------+
         Total |   2981 |   2862 |    119 |    255 |   2254 |   4 |  745.2 |
       Dungeon |   2981 |   2862 |    119 |    255 |   2254 |   4 |  745.2 |
               +--------+--------+--------+--------+--------+-----+--------+

Top non-repeatable levels by time:
     D:2: 1066 daAuts
     D:3: 957 daAuts
     D:1: 800 daAuts
     D:4: 157 daAuts
